Map: Data-C

Players

Ewa - Winner!

  • Race: Zerg Zerg
  • League: Silver
  • Spawn Location: 3:00

IlIIIIllllll

  • Race: Terran Terran
  • League: Silver
  • Spawn Location: 9:00

VOD

Have the link to the VOD?

Description

Time

  • Played on: Oct. 29, 2022, 2:16 p.m.
  • Length: 20:09
Show
View Real Time Build Order
Export as new Build Order

Ewa Zerg - Winner!

Build Orders: Hatch First 

Get SALT Encoding   

  12  0:00  Drone  
  13  0:12  Overlord  
  13  0:16  Drone  
  14  0:31  Drone x2  
  16  0:53  Hatchery  
  15  1:00  Drone x2  
  15  1:01  Extractor  
  16  1:16  Spawning Pool  
  15  1:20  Drone  
  15  1:24  Drone  
  17  1:28  Drone  
  18  1:37  Drone  
  19  1:43  Overlord  
  19  2:00  Drone  
  20  2:04  Queen  
  20  2:05  Queen  
  20  2:06  Zergling x2  
  25  2:21  Drone x2  
  27  2:25  Zergling x2  
  28  2:31  Drone  
  28  2:33  Drone  
  30  2:40  Drone  
  30  2:41  Queen  
  30  2:43  Metabolic Boost  
  33  2:53  Drone x3  
  36  3:01  Overlord x2  
  36  3:16  Roach Warren  
  35  3:21  Spore Crawler  
  35  3:24  Drone  
  35  3:25  Drone x4  
  39  3:39  Drone  
  40  3:42  Zergling x8  
  44  3:50  Drone x2  
  44  3:52  Spore Crawler  
  44  3:53  Drone x3  
  48  3:57  Drone x3  
  51  4:10  Hatchery  
  50  4:28  Drone x3  
  50  4:29  Drone x5  
  40  4:35  Zergling x2  
  38  4:56  Zergling x2  
  37  5:24  Zergling x6  
  38  5:34  Lair  
  35  5:37  Spore Crawler  
  33  5:56  Spawning Pool  
  32  6:06  Roach x6  
  44  6:18  Roach  
  43  6:45  Zergling x6  
  43  6:46  Zergling x2  
  47  6:54  Hatchery, Extractor  
  47  6:57  Extractor  
  44  7:03  Drone x4  
  44  7:04  Drone x2  
  44  7:05  Extractor  
  44  7:07  Extractor  
  48  7:16  Zergling x6  
  48  7:20  Overlord x2  
  48  7:22  Spine Crawler  
  50  7:27  Drone  
  50  7:29  Overlord  
  51  7:38  Zergling x8  
  51  7:43  Drone  
  56  7:56  Baneling Nest  
  42  8:22  Drone x4  
  46  8:32  Drone x3  
  46  8:33  Drone x2  
  51  8:35  Nydus Network  
  50  8:42  Baneling x2  
  50  8:44  Drone x2  
  50  8:45  Drone x3  
  55  8:50  Zergling x2  
  56  9:00  Drone  
  56  9:01  Drone x3  
  47  9:03  Baneling x2  
  48  9:10  Drone  
  48  9:45  Nydus Canal  
  48  9:49  Drone x6  
  48  9:50  Drone x3  
  43  10:16  Zergling x10  
  43  10:17  Zergling x2  
  45  10:25  Drone x6  
  51  10:33  Drone x2  
  53  10:39  Extractor  
  51  10:52  Overseer  
  51  10:53  Overseer  
  51  10:59  Extractor x2  
  51  11:03  Drone x2  
  51  11:04  Drone x2  
  52  11:07  Drone x5  
  52  11:24  Spawning Pool  
  52  11:25  Drone x5  
  55  11:26  Drone x2  
  58  11:33  Drone x2  
  58  11:37  Drone  
  61  11:42  Drone x2  
  63  11:51  Drone  
  63  11:52  Drone x2  
  66  12:23  Hatchery  
  66  12:24  Zergling x4  
  66  12:25  Zergling x6  
  70  12:32  Spire  
  70  12:34  Zergling x6  
  70  12:37  Overlord x2  
  74  12:39  Hatchery  
  73  12:48  Zergling x2  
  73  12:49  Zergling x2  
  69  13:21  Extractor  
  69  13:22  Drone x2  
  69  13:24  Pneumatized Carapace, Evolution Chamber  
  69  13:26  Evolution Chamber  
  68  13:30  Drone x3  
  68  13:31  Drone x4, Hatchery  
  74  13:46  Mutalisk  
  74  13:48  Drone, Extractor  
  75  13:49  Drone  
  75  13:50  Drone x3  
  75  13:55  Drone x4  
  84  14:02  Drone x3  
  89  14:03  Drone x2  
  89  14:04  Overlord  
  89  14:06  Mutalisk  
  93  14:10  Drone  
  94  14:26  Drone  
  94  14:27  Drone x7  
  95  14:32  Zergling x8  
  95  14:36  Mutalisk x2  
  102  14:45  Drone x2  
  104  14:49  Queen  
  104  14:50  Drone  
  104  14:51  Drone x2  
  109  14:52  Overlord  
  109  14:53  Overlord  
  109  15:07  Extractor x2, Queen  
  109  15:09  Hatchery  
  109  15:11  Zerg Flyer Armor Level 1  
  109  15:12  Mutalisk x2  
  112  15:25  Drone x3  
  115  15:32  Baneling  
  115  15:33  Extractor, Baneling x7  
  115  15:34  Baneling x6  
  115  15:35  Extractor  
  113  15:45  Zerg Melee Weapons Level 1  
  113  15:49  Zergling x12  
  120  15:50  Zergling x6, Mutalisk  
  120  15:53  Overlord x8  
  124  16:01  Drone  
  124  16:03  Overlord x5  
  125  16:10  Baneling  
  125  16:11  Baneling x7  
  125  16:12  Baneling x3, Mutalisk x2  
  129  16:21  Mutalisk x2  
  133  16:34  Mutalisk x2  
  133  16:35  Mutalisk  
  131  16:48  Mutalisk x2  
  131  16:50  Zergling x2  
  131  16:51  Zergling x16  
  131  16:52  Zergling x4  
  146  16:58  Zergling x2  
  142  17:05  Zerg Flyer Weapons Level 1  
  116  17:12  Mutalisk x5  
  124  17:20  Baneling x2  
  124  17:21  Baneling x5  
  122  17:26  Unknown  
  121  17:47  Mutalisk x3  
  121  17:48  Mutalisk x3  
  133  17:53  Overseer x3  
  133  17:55  Hatchery  
  133  17:56  Hatchery  
  131  18:01  Drone  
  131  18:02  Drone x4, Hatchery  
  135  18:07  Zergling x6  
  135  18:08  Zergling x12  
  144  18:13  Baneling x5  
  144  18:14  Extractor, Baneling x4  
  144  18:16  Centrifugal Hooks  
  144  18:17  Extractor  
  142  18:24  Mutalisk x2  
  147  18:34  Zergling x10  
  147  18:35  Zergling x16  
  138  18:43  Zergling x8  
  138  18:46  Zergling x4  
  124  18:48  Mutalisk  
  124  18:56  Hatchery  
  124  19:00  Hatchery  
  124  19:02  Mutalisk x5  
  122  19:06  Mutalisk x2  
  136  19:10  Zergling x6  
  136  19:14  Zergling x4  
  139  19:22  Zergling x12  
  139  19:23  Zergling x2  
  145  19:26  Zergling x6  
  145  19:30  Queen  
  140  19:46  Zergling x2  
  140  19:47  Zergling x16  
  140  19:48  Zergling x16  
  140  19:49  Zergling x2  
  140  19:50  Overseer x3  
Show
View Real Time Build Order
Export as new Build Order

IlIIIIllllll Terran 

Build Orders:  

Get SALT Encoding   

  12  0:00  SCV  
  13  0:12  SCV  
  14  0:23  Supply Depot  
  14  0:24  SCV  
  15  0:30  Refinery  
  15  0:47  Barracks, SCV  
  16  0:58  Refinery  
  16  0:59  SCV  
  18  1:11  SCV  
  18  1:23  SCV  
  19  1:35  SCV  
  20  1:40  Ghost Academy  
  20  1:47  SCV  
  20  1:51  Factory  
  21  1:59  SCV, Supply Depot  
  22  2:12  Personal Cloaking  
  22  2:20  Barracks Tech Lab  
  22  2:24  Orbital Command  
  22  2:41  Ghost Academy  
  22  2:48  Ghost  
  24  2:54  SCV  
  24  2:58  Factory Tech Lab  
  25  3:14  SCV  
  25  3:17  Nuke  
  26  3:26  SCV  
  27  3:37  Command Center  
  27  3:38  Nuke  
  27  4:14  Nuke  
  27  4:16  Ghost  
  29  4:24  Supply Depot x2  
  29  4:33  Nuke  
  19  5:18  Orbital Command  
  19  5:20  Siege Tank  
  20  5:37  Supply Depot  
  20  5:39  Ghost  
  20  5:53  Orbital Command  
  20  6:01  SCV, Starport  
  21  6:10  Supply Depot  
  21  6:13  SCV  
  22  6:23  SCV  
  22  6:25  SCV  
  24  6:36  SCV  
  24  6:37  SCV  
  24  6:38  Siege Tank  
  29  6:41  Medivac  
  31  6:48  SCV  
  31  6:49  SCV  
  33  7:00  SCV  
  34  7:01  SCV  
  35  7:12  SCV  
  35  7:15  Nuke  
  36  7:27  SCV  
  37  7:41  Refinery x2  
  37  7:47  Command Center  
  37  7:50  Nuke  
  37  8:20  Nuke  
  37  8:55  Nuke  
  37  9:32  Engineering Bay  
  37  9:33  Command Center  
  37  9:48  Siege Tank  
  37  9:50  Ghost Academy, Starport Reactor  
  37  9:51  Ghost Academy  
  40  9:53  Command Center  
  27  10:44  Planetary Fortress  
  27  10:59  Nuke  
  27  11:00  Nuke  
  27  11:14  SCV  
  27  11:15  SCV  
  26  11:27  SCV x2  
  28  11:33  Siege Tank  
  28  11:37  Missile Turret x2  
  28  11:39  SCV x2  
  33  11:41  Missile Turret  
  33  11:45  SCV  
  34  11:51  SCV x2  
  34  11:53  Hi-Sec Auto Tracking  
  36  11:57  SCV  
  37  12:03  SCV x2  
  39  12:09  SCV  
  39  12:15  SCV x2  
  42  12:21  SCV, Nuke  
  42  12:22  Nuke  
  43  12:42  Ghost  
  45  12:45  Siege Tank  
  48  13:00  Medivac  
  48  13:04  Command Center  
  50  13:06  SCV  
  50  13:11  Ghost  
  53  13:14  Nuke  
  53  13:21  Orbital Command  
  53  13:44  Refinery  
  53  14:20  Nuke x3  
  49  14:42  Ghost  
  51  15:02  Refinery  
  51  15:04  Refinery  
  51  15:07  Planetary Fortress  
  51  15:23  SCV  
  52  15:35  SCV  
  53  15:36  Missile Turret  
  53  15:42  Refinery  
  53  15:47  SCV  
  53  15:49  Missile Turret x2  
  54  15:51  Missile Turret  
  54  15:52  Missile Turret  
  54  15:57  Missile Turret  
  54  15:59  SCV x2  
  54  16:00  SCV x3  
  59  16:05  Missile Turret  
  59  16:06  Missile Turret  
  59  16:08  Missile Turret  
  59  16:10  Missile Turret x2  
  59  16:11  SCV  
  59  16:13  Armory  
  59  16:16  Armory  
  59  16:18  Missile Turret  
  60  16:19  Missile Turret  
  60  16:29  Missile Turret  
  60  16:31  Missile Turret  
  54  16:56  Missile Turret  
  51  17:17  Missile Turret  
  51  17:19  Missile Turret  
  51  17:20  SCV  
  52  17:23  Missile Turret  
  52  17:27  Command Center  
  52  17:33  Factory  
  52  17:35  Factory  
  52  18:20  Barracks Tech Lab  
  52  18:24  Factory Tech Lab  
  52  18:25  Factory Tech Lab  
  52  18:35  Armory  
  50  18:59  Ghost  
  47  19:27  Ghost  
Tags
 
Matchup
TvZ
Spawn Locations
Cross Positions
Add a new tag
Caveats
  • Supply blocks, unpowered buildings, or Contaminate may cause inaccurate times.
  • Supply counts are checked every 10 seconds.